 Dungeon Crawl Stone Soup version 0.28-a0-1613-gdaab1c2f9b (webtiles) character file.

Game seed: 4269559629024668355

25 issech the Ducker (level 2, -5/29 HPs)
             Began as a Troll Fighter on Jan 21, 2022.
             Slain by Jessica (6 damage)
             ... on level 2 of the Dungeon.
             The game lasted 00:02:41 (374 turns).

issech the Ducker (Troll Fighter)                    Turns: 374, Time: 00:02:41

Health: -5/29      AC:  4    Str: 23    XL:     2   Next: 82%
Magic:  1/1        EV:  8    Int:  4    God:
Gold:   39         SH:  7    Dex:  9    Spells: 1/1 levels left

rFire   . . .      SeeInvis .   a - +1 flail
rCold   . . .      Faith    .   c - +0 kite shield
rNeg    . . .      Spirit   .   b - +0 robe
rPois   .          Reflect  .   (helmet restricted)
rElec   .          Harm     .   (no cloak)
rCorr   .          Rampage  .   (gloves unavailable)
Will    .....                   (boots unavailable)
Stlth   +.........              (no amulet)
HPRegen 0.89/turn               (no ring)
MPRegen 0.07/turn               (no ring)

@: no status effects
A: large, unfitting armour, claws 3, regeneration 1, shaggy fur 1, tough skin 1
a: no special abilities


You were on level 2 of the Dungeon.
You visited 1 branch of the dungeon, and saw 2 of its levels.

You collected 39 gold pieces.

Inventory:

Hand Weapons
 a - a +1 flail (weapon)
 e - a +0 whip
Missiles
 f - 18 stones (quivered)
Armour
 b - a +0 robe (worn)
 c - a +0 kite shield (worn)
Scrolls
 h - a scroll of identify
Potions
 d - a potion of might
 g - a potion of cancellation


   Skills:
 + Level 2.7 Fighting
 + Level 2.1 Maces & Flails
 + Level 2.7 Dodging
 + Level 2.6 Shields


You had one spell level left.
You didn't know any spells.
Your spell library was empty.

Dungeon Overview and Level Annotations

Branches:
Dungeon (2/15)

Altars:

Shops:
D:1 ?

Annotations:
D:2 Jessica


Innate Abilities, Weirdness & Mutations

You are too large for most types of armour.
You have claws for hands.
Your natural rate of healing is unusually fast.
You are covered in fur. (AC +1)
You have tough skin. (AC +1)


Message History

Jessica seems to speed up.
You block the kobold's attack.
You barely miss the hobgoblin.
The hobgoblin is moderately wounded.
You feel sick. The adder closely misses you. The hobgoblin hits you.
The adder bites you but does no damage. The kobold hits you but does no damage.
You hit the hobgoblin.
You kill the hobgoblin!
You feel sick. The adder bites you but does no damage.
The kobold closely misses you. The adder bites you.
You are more poisoned.
The adder poisons you!
You closely miss the hobgoblin.
You feel very sick. The adder bites you but does no damage.
The kobold barely misses you. You block the hobgoblin's attack.
The adder barely misses you. The kobold hits you but does no damage.
You barely miss the hobgoblin.
You feel very sick. The adder bites you but does no damage.
The hobgoblin barely misses you.
Jessica mumbles some strange words.
Jessica blinks!
The kobold hits you with a +0 dagger. The adder barely misses you.
The hobgoblin hits you but does no damage.
You closely miss the hobgoblin.
You feel sick. The kobold hits you but does no damage.
The adder barely misses you.
Jessica mumbles some strange words.
Jessica blinks!
The hobgoblin hits you. You block the adder's attack.
The kobold hits you but does no damage.
You hit the hobgoblin.
You kill the hobgoblin!
You feel sick. You block the adder's attack. You block the kobold's attack.
Jessica hits you with a +0 dagger.
* * * LOW HITPOINT WARNING * * *
The adder bites you but does no damage.
You feel sick. The adder bites you.
* * * LOW HITPOINT WARNING * * *
You closely miss the adder.
You feel sick.
You are no longer poisoned.
Jessica hits you with a +0 dagger.
You die...

### .#...
.....## #...## .
#S@# ###..
##@#####....
#K......##
#........#
#..#......#
#.##......###
###.. #.........
#...###......##.
#.##.........#


You could see an adder, Jessica (fast) and a kobold.

Vanquished Creatures
  A dart slug (D:1)
  2 endoplasms (D:1)
  2 giant cockroaches (D:1)
  4 goblins
  4 hobgoblins
  A quokka (D:1)
  2 ball pythons (D:1)
  2 frilled lizards (D:1)
  2 kobolds (D:1)
  A rat (D:1)
21 creatures vanquished.

Notes
Turn   | Place    | Note
-------+----------+-------------------------------------------
     0 | D:1      | issech the Troll Fighter began the quest for the Orb.
     0 | D:1      | Reached XP level 1. HP: 22/22 MP: 0/0
    43 | D:1      | Reached XP level 2. HP: 28/29 MP: 1/1
    73 | D:1      | Found Siggeero's Magic Scroll Shoppe.
   340 | D:2      | Noticed Jessica
   373 | D:2      | HP: 1/29 [adder (3)]
   374 | D:2      | Slain by Jessica

Illustrated notes

Levels and vault maps discovered:
D:1:      lightli_arrival_boilingwater, layout_basic, serial_shops,
          nicolae_lakefront_shop
D:2:      layout_rooms, hellmonk_ecumenical_altar_arch_garden,
          minmay_lizard_pond, uniq_jessica

Skill      XL: |  1  2 |
---------------+-------+-----
Maces & Flails | 2 |  2.1
Fighting       | |  2.7
Dodging        | |  2.7
Shields        | |  2.6

Action                   || total
-------------------------++-------
Melee: Flail             ||    73
  Use: Scroll            ||     3
Armor: Robe              ||    50
Dodge: Dodged            ||    39
Block: Kite shield       ||    36

Table legend: (Time is in decaauts)
 A = Elapsed time spent in this place.
 B = Non-inter-level travel time spent in this place.
 C = Inter-level travel time spent in this place.
 D = Time resting spent in this place.
 E = Time spent auto-exploring this place.
 F = Levels seen in this place.
 G = Mean time per level.
                   A        B        C        D        E       F      G
               +--------+--------+--------+--------+--------+-----+--------+
         Total |    407 |    407 |      0 |     14 |    120 |   2 |  203.5 |
       Dungeon |    407 |    407 |      0 |     14 |    120 |   2 |  203.5 |
               +--------+--------+--------+--------+--------+-----+--------+

Top non-repeatable levels by time:
     D:1: 366 daAuts
     D:2: 40 daAuts
